 Dungeon Crawl Stone Soup version 0.27.1-34-g3ba077fa99 (webtiles) character file.

Game seed: 3134277005196128177

526 pkoi the Ruffian (level 7, -3/59 HPs)
             Began as a Grey Draconian Monk on Jan 7, 2022.
             Slain by an orc warrior (14 damage)
             ... on level 6 of the Dungeon.
             The game lasted 00:05:59 (4679 turns).

pkoi the Ruffian (Grey Draconian Monk)              Turns: 4679, Time: 00:05:59

Health: -3/59      AC: 12    Str: 14      XL:     7   Next: 2%
Magic:  7/7        EV: 12    Int: 12      God:
Gold:   160        SH:  0    Dex: 12 (13) Spells: 6/6 levels left

rFire    . . .     SeeInvis .     - Unarmed
rCold    . . .     Faith    .   (no shield)
rNeg     . . .     Spirit   .   (armour unavailable)
rPois    .         Reflect  .   i - +1 hat
rElec    .         Harm     .   (no cloak)
rCorr    .         Rampage  .   (no gloves)
Will     .....                  (no boots)
Stlth    ++........             (no amulet)
HPRegen  0.19/turn              (no ring)
MPRegen  0.10/turn              (no ring)

@: no status effects
A: AC +11, amphibious, unfitting armour, cold-blooded
a: no special abilities


You were on level 6 of the Dungeon.
You visited 1 branch of the dungeon, and saw 6 of its levels.

You collected 160 gold pieces.

Inventory:

Hand Weapons
 j - a +0 dagger of protection
Armour
 i - a +1 hat (worn)
Wands
 b - a wand of iceblast (11)
 g - a wand of charming (8)
Scrolls
 a - a scroll of teleportation


   Skills:
 - Level 4.0 Fighting
 - Level 3.0 Dodging
 - Level 1.7 Stealth
 * Level 7.6 Unarmed Combat


You had 6 spell levels left.
You didn't know any spells.
Your spell library contained the following spells:

 Spells                   Type           Power      Damage    Failure   Level
 Conjure Flame            Conj/Fire      0%         6-21      69%         3
 Ignite Poison            Fire/Tmut/Pois 0%         N/A       69%         3
 Sticky Flame             Conj/Fire      0%         2d3       97%         4


Dungeon Overview and Level Annotations

Branches:
Dungeon (7/15)
 Temple: D:4-7

Altars:
The Shining One

Shops:
D:7 (


Innate Abilities, Weirdness & Mutations

Your dull iron-grey scales are very hard. (AC +11)
You are amphibious.
You cannot fit into any form of body armour.
You are cold-blooded and may be slowed by cold attacks.


Message History

The orc warrior completely misses you.
You barely miss the orc warrior.
The orc warrior is moderately wounded.
The orc warrior hits you with a +0 mace.
You closely miss the orc warrior.
Your tail-slap misses the orc warrior.
The orc warrior is moderately wounded.
You hit the orc warrior but do no damage.
Your tail-slap misses the orc warrior.
Your punch misses the orc warrior.
The orc warrior is moderately wounded.
The orc warrior hits you with a +0 mace.
You barely miss the orc warrior.
The orc warrior is moderately wounded.
The orc warrior hits you with a +0 mace!
* * * LOW HITPOINT WARNING * * *
You hit the orc warrior.
You tail-slap the orc warrior, but do no damage.
The orc warrior is moderately wounded.
The orc warrior hits you but does no damage.
You hit the orc warrior but do no damage.
The orc warrior is moderately wounded.
The orc warrior hits you with a +0 mace!
* * * LOW HITPOINT WARNING * * *
You hit the orc warrior.
You tail-slap the orc warrior, but do no damage.
The orc warrior is heavily wounded.
The orc warrior hits you with a +0 mace!
* * * LOW HITPOINT WARNING * * *
You barely miss the orc warrior.
The orc warrior is heavily wounded.
The orc warrior hits you with a +0 mace.
* * * LOW HITPOINT WARNING * * *
You hit the orc warrior but do no damage.
The orc warrior is heavily wounded.
The orc warrior hits you with a +0 mace.
* * * LOW HITPOINT WARNING * * *
You closely miss the orc warrior.
The orc warrior is heavily wounded.
You feel better.
The orc warrior hits you with a +0 mace!
You die...

############
...........############
##########............#
# #.# ############.# #
... ######.# # #.#
#.####.....#......# ##
#.# #.........###......
.# #.# ######@###.#
##.#.# .#####.# #o# #.#
# ....##.##### #{# ##
......)....# #o#
....##.#.#......o#
.#.###..... ###### .#.#
#####.# .#.# .# .#.# #


You could see an orc warrior and 2 orcs.

Vanquished Creatures
  A black bear (D:6)
  A centaur (D:7)
  A bullfrog (D:7)
  A wyvern zombie (D:7)
  2 howler monkeys (D:7)
  3 orc wizards
  A killer bee zombie (D:7)
  2 adders
  A worm (D:2)
  6 orcs
  10 endoplasms
  2 giant cockroaches (D:4)
  3 hobgoblins
  4 jackals (D:2)
  A kobold (D:1)
  3 quokkas
  4 ball pythons
  4 bats
  3 frilled lizards
  3 goblins
  3 rats
59 creatures vanquished.

Vanquished Creatures (others)
  A plant (D:7)
1 creature vanquished.

Grand Total: 60 creatures vanquished

Notes
Turn   | Place    | Note
-------+----------+-------------------------------------------
     0 | D:1      | pkoi the Draconian Monk began the quest for the Orb.
     0 | D:1      | Reached XP level 1. HP: 19/19 MP: 1/1
   479 | D:1      | Reached XP level 2. HP: 26/26 MP: 2/2
   825 | D:1      | Found a faded altar of an unknown god.
  1243 | D:2      | Reached skill level 4 in Unarmed Combat
  1387 | D:2      | Reached XP level 3. HP: 6/31 MP: 3/3
  2549 | D:3      | Reached XP level 4. HP: 29/39 MP: 4/4
  3446 | D:4      | Reached skill level 5 in Unarmed Combat
  3475 | D:4      | You fall into a shaft and drop 3 floors!
  3485 | D:7      | Found Ekaept's Firing Range.
  3527 | D:7      | Found a glowing golden altar of the Shining One.
  3657 | D:7      | Noticed a steam dragon
  3742 | D:7      | Noticed a centaur
  3742 | D:7      | Noticed a bullfrog
  3764 | D:7      | Killed a bullfrog
  3764 | D:7      | HP: 1/40 [centaur/arrow (7)]
  3765 | D:7      | Reached XP level 5. HP: 1/46 MP: 5/5
  3770 | D:7      | Killed a centaur
  3771 | D:7      | Reached skill level 6 in Unarmed Combat
  4026 | D:7      | Noticed a black bear
  4082 | D:7      | Reached XP level 6. HP: 33/52 MP: 6/6
  4343 | D:7      | Reached skill level 7 in Unarmed Combat
  4458 | D:6      | Your scales start taking on a dull iron-grey colour.
  4458 | D:6      | Reached XP level 7. HP: 34/59 MP: 7/7
  4679 | D:6      | Slain by an orc warrior

Illustrated notes

Levels and vault maps discovered:
D:1:      wheals_arrival_linesprint, layout_basic, shapermc_ecumenical_altar_gd
D:2:      layout_loops_ring, serial_glass, glass_columns_a, glass_columns_a,
          minmay_statues_item, minmay_hedge_maze, nrook_loot_triangle
D:3:      layout_loops_ring
D:4:      layout_basic, mainiacjoe_overflow_paths, grunt_temple_overflow_open
D:6:      layout_loops_ring, mainiacjoe_overflow_catch_the_wave, serial_shops,
          kennysheep_mini_moat, minmay_misc_feat_square
D:7:      layout_basic, tso_oasis_becter,
          mainiacjoe_overflow_concentric_impassable,
          minmay_temple_entry_statues_pillars, nicolae_shop_firing_range,
          uniq_maggie

Skill      XL: |  1  2  3  4  5  6 |
---------------+-------------------+-----
Unarmed Combat | 4 5 6 7 |  7.6
Dodging        | 3 |  3.0
Fighting       | 4 |  4.0
Stealth        | |  1.7

Action                   |  1- 3 |  4- 6 |  7- 9 || total
-------------------------+-------+-------+-------++-------
Melee: Unarmed           |   105 |   133 |    20 ||   258
       Tailslap          |    12 |    15 |     3 ||    30
       Punch             |     4 |     4 |     1 ||     9
  Use: Scroll            |     4 |     2 |       ||     6
       Potion            |       |     5 |     1 ||     6
 Stab: Sleeping          |     5 |     1 |       ||     6
Armor: Skin              |    21 |    54 |     3 ||    78
Dodge: Dodged            |    50 |    59 |     5 ||   114
